AoeStats
← bastygg

Arabia

504886383Analyzed
2v2 RM · 26d ago on Sep 6, 2026· 47m 22s· 4 players
Game mode
Random Map
Map size
Medium (4 player)
Population
200
Speed
Normal
Resources
Standard
Victory
Conquest
Starting age
Dark Age
Ending age
Imperial Age
RankedLock teamsTeams togetherTeam positionsShared explorationLock speedFull tech treeHidden civsTurbo modeCheats
Victory
Defeat
🇨🇱 Japanese · Chile
1048
+16
🇨🇱 Britons · Chile
996
+14
🇧🇷 Franks · Brazil
988
-14
🇧🇷 Britons · Brazil
939
-12
SkiddySea5860
11:46 Feudal Age
12:16 Double-Bit Axe
19:23 Gold Mining
19:23 Stone Mining
25:43 Castle Age
24:39 Scale Barding Armor
24:45 Forging
26:21 Light Cavalry
27:02 Husbandry
29:47 Gold Shaft Mining
29:02 Stone Mining
31:42 Chain Barding Armor
31:57 Iron Casting
36:37 Loom
37:27 Wheelbarrow
36:37 Town Watch
46:21 Imperial Age
47:26 Conscription
47:57 Plate Barding Armor
48:22 Blast Furnace
Rocco
10:23 Feudal Age
10:50 Double-Bit Axe
14:26 Fletching
23:01 Wheelbarrow
26:47 Castle Age
25:55 Gold Mining
25:50 Horse Collar
27:18 Padded Archer Armor
27:05 Crossbowman
33:34 Leather Archer Armor
33:15 Bodkin Arrow
36:03 Squires
44:17 Ballistics
45:07 Elite Skirmisher
bastygg
10:42 Feudal Age
11:15 Double-Bit Axe
13:29 Wheelbarrow
23:11 Horse Collar
27:28 Castle Age
25:46 Fletching
27:56 Crossbowman
33:01 Bodkin Arrow
36:17 Ballistics
36:03 Padded Archer Armor
38:11 Yeomen
40:07 Leather Archer Armor
45:05 Imperial Age
46:09 Bracer
nachingg
11:46 Feudal Age
24:11 Castle Age
21:49 Man-at-Arms
25:48 Gold Mining
25:41 Horse Collar
26:41 Fletching
26:52 Padded Archer Armor
27:11 Double-Bit Axe
29:31 Wheelbarrow
28:42 Town Watch
28:48 Town Watch
30:48 Gold Shaft Mining
32:03 Bodkin Arrow
32:30 Elite Skirmisher
33:17 Thumb Ring
39:28 Imperial Age
39:27 Leather Archer Armor
39:36 Ballistics
43:53 Parthian Tactics
42:50 Heavy Cavalry Archer
45:36 Chemistry
Connection lost

Rejoining the realm…

Still unreachable

The connection could not be restored.

Session expired

The server has moved on; the page needs a fresh start.